 Dungeon Crawl Stone Soup version 0.18.1-50-g88ac8fd (webtiles) character file.

19 Amnesiac the Charlatan (level 2, -2/16 HPs)
             Began as a Deep Elf Artificer on Feb 28, 2018.
             Slain by a tengu (5 damage)
             ... on level 2 of the Dungeon.
             The game lasted 00:01:27 (1064 turns).

Amnesiac the Charlatan (Deep Elf Artificer)         Turns: 1064, Time: 00:01:28

Health: -2/16      AC:  3    Str:  8    XL:     2   Next: 55%
Magic:  6/6        EV: 12    Int: 16    God:
Gold:   6          SH:  0    Dex: 15    Spells: 0 memorised, 1 level left

rFire  . . .     SeeInvis .     a - +0 short sword
rCold  . . .     Gourm    .     b - +0 leather armour
rNeg   . . .     Faith    .     (no shield)
rPois  .         Spirit   .     (no helmet)
rElec  .         Dismiss  .     (no cloak)
rCorr  .         Reflect  .     (no gloves)
SustAt .         Harm     .     (no boots)
MR     .....                    (no amulet)
Stlth  ++........               (no ring)
                                (no ring)

@: not resistant to hostile enchantments, unstealthy
A: no striking features
a: no special abilities


You were on level 2 of the Dungeon.
You were not hungry.

You visited 1 branch of the dungeon, and saw 3 of its levels.

You collected 6 gold pieces.

Inventory:

Hand Weapons
 a - a +0 short sword (weapon)
Missiles
 l - 2 javelins of penetration (quivered)
Armour
 b - a +0 leather armour (worn)
Wands
 c - a wand of flame (12/48)
 d - a wand of enslavement (15/24)
 e - a wand of random effects (10/48)
Scrolls
 i - a scroll of random uselessness {!r, unknown}
 k - a scroll of recharging {!r, unknown}
Potions
 g - a potion of curing {!q, unknown}
 h - a potion of heal wounds {!q, unknown}
 j - a potion of might {!q, unknown}
Comestibles
 f - a bread ration


   Skills:
 - Level 0.7 Fighting
 - Level 2.0 Short Blades
 - Level 2.4 Dodging
 - Level 2.1 Stealth
 + Level 3.4 Evocations


You had one spell level left.
You didn't know any spells.

Dungeon Overview and Level Annotations

Branches:
Dungeon (3/15)

Altars:
Kikubaaqudgha


Message History

m - 4 chunks of flesh (gained 3)
You see here a scale mail.
There is a stone staircase leading down here.
You start resting.
Some of the chunks of flesh in your inventory have rotted away.
HP restored.
You see here a scale mail.
l - 2 javelins of penetration You see here a scale mail.
You start resting.
All of the chunks of flesh in your inventory have rotted away.
HP restored.
There is a stone staircase leading down here.
You climb downwards.
The worm closely misses you.
There is a stone staircase leading up here.
The worm bites you.
You climb upwards.
There is a stone staircase leading down here.
You see here a scale mail.
Evoke which item? (* to show all) (? for menu, Esc to quit)
Zapping:
e - a wand of random effects (15/48)
Press: ? - help, Shift-Dir - straight line, f - worm
Aim: a worm The puff of flame hits the worm.
The worm is moderately wounded.
This wand has 14 charges left.
Throwing (i - inventory):
l - 2 javelins of penetration (quivered)
Press: ? - help, Shift-Dir - straight line, f/p - worm
Aim: a worm (lightly wounded)
Okay, then.
Unknown command.
Evoke which item? (* to show all) (? for menu, Esc to quit)
Zapping:
e - a wand of random effects (14/48)
Press: ? - help, Shift-Dir - straight line, f/p - worm
Aim: a worm (lightly wounded)
The worm evaporates and reforms as a tengu!
This wand has 13 charges left.
Evoke which item? (* to show all) (? for menu, Esc to quit)
Zapping:
e - a wand of random effects (13/48)
Press: ? - help, Shift-Dir - straight line, f/p - tengu
Aim: a tengu The tengu resists with significant effort.
This wand has 12 charges left.
Evoke which item? (* to show all) (? for menu, Esc to quit)
Zapping:
e - a wand of random effects (12/48)
Press: ? - help, Shift-Dir - straight line, f/p - tengu
Aim: a tengu Nothing appears to happen.
This wand has 11 charges left.
Press: ? - help, v - describe, . - travel
Here: a tengu The floor.
The tengu closely misses you. The tengu completely misses you.
The tengu claws you.
Evoke which item? (* to show all) (? for menu, Esc to quit)
Zapping:
e - a wand of random effects (11/48)
Press: ? - help, Shift-Dir - straight line, f/p - tengu
Aim: a tengu The tengu resists with significant effort.
This wand has 10 charges left.
The tengu hits you.
* * * LOW HITPOINT WARNING * * *
The tengu pecks you.
* * * LOW HITPOINT WARNING * * *
The tengu claws you.
You die...

#.# #.########### #.#.........# #
#.#.#######.# # #.#.# #.# # #.#.#
#.# ### #
#######.#.#######.####.. #
.......@...............<
################Q#.##.##.#.####.#
..........######.#.##.##.#.# #.#
#######.#........#.##.##.#.# #.#
.w>..)....########.##.##.#.####.#
######.#### #.##.#.........#
######.###########...............
.........................≈....⌠..
#########.............#..≈≈≈....#


You could see a tengu.

Vanquished Creatures
  An orc (D:2)
  A giant cockroach (D:2)
  A goblin (D:1)
  4 hobgoblins
  4 jackals (D:1)
  A kobold (D:1)
  2 bats (D:2)
  A giant newt (D:1)
15 creatures vanquished.

Notes
Turn   | Place    | Note
--------------------------------------------------------------
     0 | D:1      | Amnesiac the Deep Elf Artificer began the quest for the Orb.
     0 | D:1      | Reached XP level 1. HP: 11/11 MP: 5/5
    87 | D:1      | Reached XP level 2. HP: 12/16 MP: 6/6
   624 | D:2      | Found an ancient bone altar of Kikubaaqudgha.
  1049 | D:2      | Noticed a tengu
  1049 | D:2      | a worm changed into a tengu
  1064 | D:2      | Slain by a tengu

Skill      XL: |  1  2 |
---------------+-------+-----
Stealth        | 2 |  2.1
Short Blades   | 2 |  2.0
Fighting       | |  0.7
Dodging        | |  2.4
Evocations     | |  3.4

Action                   || total
-------------------------++-------
Melee: Short sword       ||    60
Throw: Javelin           ||     4
Evoke: Wand              ||     8
 Stab: Sleeping          ||     4
Armor: Leather armour    ||    10
Dodge: Dodged            ||    47
